 Dungeon Crawl Stone Soup version 0.30-a0-860-g512cf1e979 (webtiles) character file.

Game seed: 868682746646140265

3588 jasper the Cleaver (level 9, -5/72 HPs)
             Began as a Demonspawn Fighter on Mar 7, 2023.
             Was an Initiate of Yredelemnul.
             Killed from afar by a molten gargoyle (6 damage)
             ... with a bolt of magma
             ... on level 9 of the Dungeon.
             The game lasted 00:16:25 (11430 turns).

jasper the Cleaver (Demonspawn Fighter)            Turns: 11430, Time: 00:16:26

Health: -5/72      AC: 26    Str: 20    XL:     9   Next: 85%
Magic:  12/12      EV:  5    Int: 10    God:    Yredelemnul [......]
Gold:   428        SH:  5    Dex: 15    Spells: 8/8 levels left

rFire   + + .      SeeInvis +    a - +0 war axe (protect)
rCold   + . .      Faith    .    F - +0 buckler
rNeg    . . .      Spirit   .    Q - +0 plate armour
rPois   +          Reflect  .    (helmet restricted)
rElec   +          Rampage  .    u - +0 cloak
rCorr   +                        w - +2 pair of gloves {Stlth+}
Will    .....                    P - +1 pair of boots of Fedhas's Benevolence {rF+} Stlth
                                 (no amulet)
HPRegen 0.32/turn                L - ring of poison resistance
MPRegen 0.26/turn                v - ring of see invisible

@: mighty, resistant, under a protective aura, hasted, very quick
A: horns 2, thin skeletal structure 1, magic regeneration, condensation shield
a: Renounce Religion, Recall Undead Harvest


You were on level 9 of the Dungeon.
You worshipped Yredelemnul.
Yredelemnul was noncommittal.
You visited 2 branches of the dungeon, and saw 10 of its levels.

You collected 428 gold pieces.

Inventory:

Hand Weapons
 a - a +0 war axe of protection (weapon)
 h - a +0 war axe
 k - a +3 trident of freezing
 y - the +8 sling of the Bashing Gods {flame, rC+ MP+9 Str+5}
   (You found it on level 2 of the Dungeon)

   Str:       It affects your strength (+5).
   rC:        It protects you from cold.
   MP:        It affects your magic capacity (+9).
Missiles
 e - 2 poisoned darts
 j - 87 stones (quivered)
 E - 8 javelins
 I - 2 boomerangs
Armour
 b - a +0 scale mail
 u - a +0 cloak (worn)
 w - a +2 pair of gloves of stealth (worn)
 F - a +0 buckler (worn)
 O - a +0 chain mail
 P - the +1 pair of boots of Fedhas's Benevolence (worn) {rF+}
   (You found it on level 8 of the Dungeon)

   rF:        It protects you from fire.
 Q - a +0 plate armour (worn)
Jewellery
 r - a ring of positive energy
 v - a ring of see invisible (right hand)
 G - a ring of ice
 L - a ring of poison resistance (left hand)
Wands
 l - a wand of polymorph (6)
 m - a wand of acid (9)
 C - a wand of iceblast (7)
 J - a wand of charming (6)
 S - a wand of flame (6)
Scrolls
 g - 3 scrolls of teleportation
 p - a scroll of enchant armour
 q - 3 scrolls of silence
 B - 2 scrolls of torment
 D - a scroll of magic mapping
 H - 3 scrolls of amnesia
 M - a scroll of poison
 N - 2 scrolls of immolation
 R - a scroll of brand weapon
Potions
 c - a potion of magic
 d - a potion of might
 f - a potion of attraction
 i - 3 potions of flight
 n - a potion of lignification
 o - a potion of ambrosia
 s - a potion of mutation
 x - a potion of haste
 z - 2 potions of brilliance
 A - 3 potions of cancellation


   Skills:
 + Level 7.0 Fighting
 * Level 8.5 Axes
 - Level 3.0 Ranged Weapons
 + Level 6.4 Armour
 - Level 4.1 Shields
 + Level 4.5 Invocations


You had 8 spell levels left.
You didn't know any spells.
Your spell library contained the following spells:

 Spells                   Type           Power      Damage    Failure   Level
 Beastly Appendage        Tmut           0%         N/A       100%        1
 Cigotuvi's Dreadful Rot  Necr/Pois/Air  0%         N/A       100%        2
 Poisonous Vapours        Pois/Air       0%         N/A       100%        2
 Wereblood                Tmut           0%         N/A       100%        2
 Frozen Ramparts          Ice            0%         1d1       100%        3
 Gell's Gravitas          Tloc           0%         N/A       100%        3
 Mephitic Cloud           Conj/Pois/Air  0%         N/A       100%        3
 Spider Form              Tmut/Pois      0%         N/A       100%        3
 Teleport Other           Tloc           0%         N/A       100%        3
 Flame Wave               Conj/Fire      0%         2d4       100%        4
 Ice Form                 Ice/Tmut       0%         N/A       100%        4
 Summon Ice Beast         Ice/Summ       0%         N/A       100%        4
 Irradiate                Conj/Tmut      0%         3d11      100%        5
 Iskenderun's Battlesphe  Conj           0%         2d6       100%        5
 Dispersal                Tloc           0%         N/A       100%        6
 Starburst                Conj/Fire      0%         6d3       100%        6


Dungeon Overview and Level Annotations

Branches:
Dungeon (9/15)             Temple (1/1) D:6
   Lair: D:8-11         Orc: D:9-12

Altars:
Ashenzari
Cheibriados
Dithmenos
Gozag
Kikubaaqudgha
Makhleb
Nemelex Xobeh
Okawaru
Trog
Vehumet
Xom
Yredelemnul

Annotations:
D:3 2 transporters


Innate Abilities, Weirdness & Mutations

You have a pair of horns on your head.
You have a somewhat thin skeletal structure. (Dex +2, Stealth+)
You regenerate magic rapidly.
A meltable shield of frost defends you. (SH +0)


Message History

You feel protected.
The molten gargoyle hits you with a +0 flail.
You are engulfed in flames.
You resist.
The molten gargoyle blasts magma at you!
The bolt of magma hits you! You partially resist.
* * * LOW HITPOINT WARNING * * *
You take 16 damage, and have 19/71 hp.
MASSIVE DAMAGE!!
You feel yourself speed up.
The molten gargoyle hits you but does no damage.
The molten gargoyle blasts magma at you!
The bolt of magma hits you but does no damage.
You feel very mighty all of a sudden.
The molten gargoyle blasts magma at you!
The bolt of magma hits you! You partially resist.
* * * LOW HITPOINT WARNING * * *
You take 17 damage, and have 3/71 hp.
MASSIVE DAMAGE!!
You feel better.
You regained 10 hp, and now have 13/71 hp.
You slash the molten gargoyle!
Your weapon exudes an aura of protection.
You headbutt the molten gargoyle.
You destroy the molten gargoyle!
You hit the molten gargoyle but do no damage.
You block the molten gargoyle's attack.
Your Fighting skill increases to level 7!
You barely miss the molten gargoyle. You hit the molten gargoyle.
You block the molten gargoyle's attack.
The molten gargoyle blasts magma at you!
The bolt of magma hits you! You partially resist.
* * * LOW HITPOINT WARNING * * *
You take 12 damage, and have 1/72 hp.
You hit the molten gargoyle but do no damage.
You headbutt the molten gargoyle.
The molten gargoyle is lightly damaged.
You hit the molten gargoyle.
The molten gargoyle hits you but does no damage.
The molten gargoyle blasts magma at you!
The bolt of magma hits you. You partially resist.
You die...
Your body rises from the dead as a mindless zombie.

.≈≈88≈≈≈. . #..........
§§988≈≈.# .##+##
#..........
.≈≈§≈≈≈≈.#.#...#
#..........
.≈≈≈≈≈§.#..#...#
#..........
.?...≈..9###...#
#..........
#.#......#.#..........
#.#.###...#.#..........
..##..##9..#............
###
#..9@...#............
#..##...#.#..........
######...#............
+....#...#...#..######
#..#.#..........#
#..#.#...♣♣♣♣♣..#
#..#.#..♣♣ ♣..#
#....##.♣ ♣♣.# #.......♣
♣♣.#


You could see 2 molten gargoyles.

Vanquished Creatures
  A molten gargoyle (D:9)
  Sigmund (D:3)
  Edmund (D:5)
  A water moccasin (D:7)
  2 sky beasts
  A black bear (D:6)
  3 ice beasts
  2 orc warriors
  4 ogres
  2 centaurs
  2 phantoms
  A bullfrog (D:6)
  A gnoll sergeant (D:6)
  A scorpion (D:6)
  8 wights (D:8)
  A howler monkey (D:6)
  4 hounds
  A jelly (D:6)
  5 orc priests
  2 iguanas
  Ijyb (D:3)
  Natasha (twice) (D:2)
  9 orc wizards
  5 adders
  7 gnolls
  2 white imps
  An ufetubus (D:4)
  A worm (D:4)
  3 dart slugs
  25 orcs
  3 bats
  10 endoplasms
  4 giant cockroaches
  5 hobgoblins
  8 jackals
  8 kobolds
  2 quokkas
  5 ball pythons
  A frilled lizard (D:1)
  13 goblins
  8 rats
167 creatures vanquished.

Vanquished Creatures (collateral kills)
  2 orcs
2 creatures vanquished.

Vanquished Creatures (others)
  An orc zombie (D:8)
1 creature vanquished.

Grand Total: 170 creatures vanquished

Notes
Turn   | Place    | Note
-------+----------+-------------------------------------------
     0 | D:1      | jasper the Demonspawn Fighter began the quest for the Orb.
     0 | D:1      | Reached XP level 1. HP: 18/18 MP: 1/1
   119 | D:1      | Reached skill level 2 in Axes
   217 | D:1      | Gained mutation: You have a pair of small horns on your
                  | head. [demonic ancestry]
   217 | D:1      | Reached XP level 2. HP: 24/24 MP: 2/2
   324 | D:1      | Got Macsel's Elucidation of Striking
   597 | D:1      | Reached XP level 3. HP: 29/29 MP: 3/3
  1488 | D:2      | Noticed Natasha
  1491 | D:2      | Killed Natasha
  1492 | D:2      | Reached skill level 3 in Axes
  1808 | D:2      | Noticed Natasha
  1811 | D:2      | Killed Natasha
  1812 | D:2      | Gained mutation: You have a pair of horns on your head.
                  | [demonic ancestry]
  1812 | D:2      | Reached XP level 4. HP: 36/36 MP: 4/4
  1860 | D:2      | Identified the +8 sling of the Bashing Gods {flame, rC+
                  | MP+9 Str+5}
  2484 | D:3      | Found a sparkling altar of Nemelex Xobeh.
  2490 | D:3      | Found a transporter.
  2554 | D:3      | Noticed Sigmund
  2560 | D:3      | Killed Sigmund
  2561 | D:3      | Reached XP level 5. HP: 42/42 MP: 5/5
  2581 | D:3      | Noticed Ijyb
  2691 | D:3      | Killed Ijyb
  2692 | D:3      | Reached XP level 6. HP: 48/48 MP: 6/6
  2805 | D:3      | Found a faded altar of an unknown god.
  3068 | D:3      | Found a transporter.
  5224 | D:5      | Entered Level 5 of the Dungeon
  5233 | D:5      | Reached skill level 4 in Axes
  5797 | D:4      | Gained mutation: You have a somewhat thin skeletal
                  | structure. (Dex +2, Stealth+) [demonic ancestry]
  5797 | D:4      | Reached XP level 7. HP: 55/55 MP: 7/7
  5860 | D:5      | Reached skill level 5 in Axes
  6323 | D:5      | Reached skill level 5 in Fighting
  6772 | D:6      | Gained mutation: A meltable shield of frost defends you.
                  | (SH +0) [demonic ancestry]
  6772 | D:6      | Reached XP level 8. HP: 58/62 MP: 8/8
  7185 | D:6      | Found a staircase to the Ecumenical Temple.
  7197 | D:6      | Noticed Edmund
  7206 | Temple   | Entered the Ecumenical Temple
  7608 | D:5      | Killed Edmund
  7673 | D:6      | Reached skill level 6 in Axes
  7746 | D:6      | Reached skill level 5 in Armour
  8384 | D:6      | Reached skill level 7 in Axes
  8401 | Temple   | Became a worshipper of Yredelemnul the Dark
  8847 | D:7      | Reached * piety under Yredelemnul
  8848 | D:7      | Gained mutation: You regenerate magic rapidly. [demonic
                  | ancestry]
  8848 | D:7      | Reached XP level 9. HP: 68/69 MP: 9/9
  8870 | D:7      | Reached skill level 1 in Invocations
  9116 | D:7      | Identified the +1 leather armour of Wonder {Str+3}
  9693 | D:7      | Found a burning altar of Makhleb.
  9693 | D:7      | Found an iron altar of Okawaru.
  9706 | D:7      | Reached ** piety under Yredelemnul
 10106 | D:8      | Identified the +1 pair of boots of Fedhas's Benevolence
                  | {rF+}
 10514 | D:8      | Found a shimmering altar of Xom.
 10805 | D:8      | Reached skill level 8 in Axes
 11410 | D:9      | Noticed a molten gargoyle
 11412 | D:9      | Noticed a molten gargoyle
 11412 | D:9      | Noticed a molten gargoyle
 11426 | D:9      | HP: 3/71 [molten gargoyle/bolt of magma (17)]
 11428 | D:9      | Killed a molten gargoyle
 11429 | D:9      | HP: 1/72 [molten gargoyle/bolt of magma (13)]
 11430 | D:9      | Killed from afar by a molten gargoyle

Illustrated notes

Levels and vault maps discovered:
D:1:      wander_arrival_chamber, layout_loops_ring, serial_glass,
          glass_columns_a, glass_columns_a, glass_columns_b, glass_columns_a,
          glass_columns_a, glass_columns_b, glass_columns_b, glass_columns_a,
          glass_columns_b, glass_columns_b, glass_columns_a, glass_columns_b,
          glass_columns_b, glass_columns_c, feat_on_display,
          minmay_strange_pillars, minmay_pentomino_u4
D:2:      layout_basic, mrwooster_statue_mirror, uniq_natasha
D:3:      layout_rooms, gammafunk_temple_overflow_arena,
          serial_co_window_serial, co_window_corner_a, co_window_corner_a,
          co_window_corner_a, co_window_paths_b, co_window_corner_a,
          co_window_cross_3, co_window_corner_b, co_window_corner_cb,
          co_window_paths_d, co_window_4corner_b, glass_columns_c,
          glass_columns_a, glass_columns_a,
          hellmonk_ecumenical_altar_crossroads, chequers_serial_rivers_micro_a,
          st_stairs_8, uniq_sigmund, uniq_ijyb
D:4:      layout_layer_cave
D:5:      layout_loops_ring, minmay_ogre_servants
D:6:      layout_loops_ring, minmay_temple_entry_glassed_door,
          kennysheep_path_1, nrook_mini_backslash, kennysheep_generic_room_8,
          uniq_edmund
D:7:      layout_loops_cross, gammafunk_temple_overflow_pools
D:8:      layout_cave_pods, mainiacjoe_overflow_alcove_4,
          minmay_misc_feat_plants
D:9:      layout_stronghold, grunt_temple_overflow_forces_of_nature,
          nicolae_overflow_crystal_walls, nicolae_ru_the_path_less_chosen,
          lemuel_tele_altar, nrook_campfire, minivault_8, uniq_maurice,
          uniq_harold
Temple:   compressed_dpeg_triangle_lava_temple

Skill      XL: |  1  2  3  4  5  6  7  8  9 |
---------------+----------------------------+-----
Axes           | 2 3 4 5 7 8 |  8.5
Armour         | 3 4 5 6 |  6.4
Ranged Weapons | 3 |  3.0
Fighting       | 4 5 6 7 |  7.0
Shields        | 4 |  4.1
Invocations    | 4 |  4.5

Action                     |  1- 3 |  4- 6 |  7- 9 || total
---------------------------+-------+-------+-------++-------
  Melee: War axe           |    82 |    21 |   289 ||   392
         Headbutt          |    12 |     5 |    68 ||    85
         Unarmed           |       |     5 |       ||     5
         Punch             |       |       |     2 ||     2
   Fire: Sling             |       |    81 |    10 ||    91
  Throw: Stone             |     2 |       |     7 ||     9
    Use: Scroll            |     6 |    13 |     8 ||    27
         Potion            |       |     1 |     6 ||     7
   Stab: Confused          |       |     1 |       ||     1
         Sleeping          |       |       |     1 ||     1
         Distracted        |       |       |     3 ||     3
 Armour: Scale mail        |    48 |    33 |   128 ||   209
         Chain mail        |       |       |    38 ||    38
         Plate armour      |       |       |    15 ||    15
  Dodge: Dodged            |    45 |    25 |   131 ||   201
  Block: Buckler           |       |       |   103 ||   103
         Other             |       |       |     2 ||     2

Table legend: (Time is in decaauts)
 A = Elapsed time spent in this place.
 B = Non-inter-level travel time spent in this place.
 C = Inter-level travel time spent in this place.
 D = Time resting spent in this place.
 E = Time spent auto-exploring this place.
 F = Levels seen in this place.
 G = Mean time per level.
                   A        B        C        D        E       F      G
               +--------+--------+--------+--------+--------+-----+--------+
         Total |  11588 |  10640 |    948 |   2522 |   6417 |  10 | 1158.8 |
       Dungeon |  11201 |  10287 |    914 |   2522 |   6076 |   9 | 1244.6 |
        Temple |    386 |    352 |     34 |      0 |    341 |   1 |  386.0 |
               +--------+--------+--------+--------+--------+-----+--------+

Top non-repeatable levels by time:
     D:4: 2021 daAuts
     D:2: 1603 daAuts
     D:8: 1397 daAuts
     D:5: 1371 daAuts
     D:6: 1338 daAuts
     D:3: 1177 daAuts
     D:7: 1131 daAuts
     D:1: 1034 daAuts
  Temple: 386 daAuts
     D:9: 126 daAuts
